 Dungeon Crawl Stone Soup version 0.23.2-1-ga50397a (webtiles) character file.

Game seed: 12846666980627032253

140 eccles the Conjurer (level 5, 0/28 HPs)
             Began as a Deep Elf Conjurer on Apr 23, 2019.
             Slain by a worker ant (3 damage)
             ... on level 3 of the Dungeon on Apr 24, 2019.
             The game lasted 00:20:40 (2593 turns).

eccles the Conjurer (Deep Elf Conjurer)             Turns: 2593, Time: 00:20:41

Health: 0/28       AC:  3    Str:  3    XL:     5   Next: 2%
Magic:  11/14      EV: 19    Int: 21    God:
Gold:   175        SH:  0    Dex: 25    Spells: 9/12 levels left

rFire    x . .     SeeInvis .   e - +0 dagger (pain)
rCold    + . .     Gourm    .   (no shield)
rNeg     . . .     Faith    .   a - +0 robe
rPois    .         Spirit   .   n - +0 helmet
rElec    .         Reflect  .   (no cloak)
rCorr    .         Harm     .   (no gloves)
MR       .....                  (no boots)
Stlth    ++++......             (no amulet)
HPRegen  0.09/turn              o - +5 ring of dexterity
MPRegen  0.14/turn              q - ring of ice

@: agile, lethally poisoned (0 -> -21)
A: deterioration 1, high mp 1, weak 1
a: no special abilities


You were on level 3 of the Dungeon.
You were not hungry.

You visited 1 branch of the dungeon, and saw 4 of its levels.

You collected 175 gold pieces.

Inventory:

Hand Weapons
 e - a +0 dagger of pain (weapon)
Armour
 a - a +0 robe (worn)
 n - a +0 helmet (worn)
 r - a -2 ring mail
 s - a +1 pair of gloves
Jewellery
 o - a +5 ring of dexterity (left hand)
 q - a ring of ice (right hand)
Wands
 p - a wand of random effects (21)
Scrolls
 b - a scroll of random uselessness
 f - 4 scrolls of teleportation
 g - a scroll of magic mapping {unknown}
 h - a scroll of fear
 l - a scroll of noise
 m - 3 scrolls of enchant armour {unknown}
Potions
 d - a potion of agility
 i - a potion of invisibility {unknown}
 k - a potion of mutation
Comestibles
 c - 7 rations
 j - a chunk of flesh


   Skills:
 + Level 0.1 Fighting
 + Level 2.8 Dodging
 + Level 2.5 Stealth
 * Level 4.2 Spellcasting
 * Level 6.2 Conjurations


You had 9 spell levels left.
You knew the following spells:

 Your Spells              Type           Power        Failure   Level  Hunger
a - Magic Dart            Conj           ####         1%          1    None
b - Searing Ray           Conj           ####..       1%          2    #......

Your spell library contained the following spells:

 Spells                   Type           Power        Failure   Level  Hunger
 Iskenderun's Mystic Bla  Conj           ####....     9%          4    ####...
 Dazzling Spray           Conj/Hex       ###...       10%         3    ###....
 Force Lance              Conj/Tloc      ###.....     32%         4    ####...
 Fulminant Prism          Conj/Hex       ###.......   32%         4    ####...


Dungeon Overview and Level Annotations

Branches:
Dungeon (4/15)
 Temple: D:4-7

Altars:
Gozag
Makhleb
Xom

Annotations:
D:2 !test
D:3 Ghost Vault, Bearstalker's ghost, amateur CeFi


Innate Abilities, Weirdness & Mutations

Your body sometimes deteriorates upon taking damage.
You have an increased reservoir of magic. (+10% MP)
You are weak. (Str -2)


Message History

You feel sick. The worker ant misses you.
The howler monkey hoots and howls with incredible vigour!
The worker ant bites you.
You are more poisoned.
The worker ant poisons you!
You hear a shout! x2; You hear an angry hiss.
You hear a shout!
You feel sick. The howler monkey hits you.
* * * LOW HITPOINT WARNING * * *
The worker ant barely misses you.
The howler monkey hits you but does no damage.
You climb upwards.
Level annotation: Ghost Vault, Bearstalker's ghost, amateur CeFi
* * * LOW HITPOINT WARNING * * *
You feel sick.
There is a stone staircase leading down here.
It was a potion of mutation.
You feel extremely strange.
You feel yourself wasting away.
You feel weaker.
You feel more energetic.
* * * LOW HITPOINT WARNING * * *
You feel sick. The worker ant bites you.
You die...

.#.#.....###...#?...=©#......#
##......## ##.©#..##..#..÷.#.#
...###.## ##.#.#..#.####.#.#
#..# #.# #.#.#..# ####.#.#
...# #.# #.#O.##..#..(.#.#
.#.# #.# #.#O.....###....# ...
#.# #.####### #..#..# ##. #.#
##..# #....## #.#
#####a@#######.#<## #..
.....[h...........######
####....................
.......#######.#.######
###.#.## #.#.# #.#.# #.#.#
###########.#.########.#.#
#.....................#..#
#.####.#########.#####.###


You could see a howler monkey and a worker ant.

Vanquished Creatures
  A crimson imp (D:2)
  Robin (D:2)
  An adder (D:3)
  3 oozes
  3 dart slugs
  3 leopard geckos (D:3)
  2 orcs (D:3)
  4 ball pythons
  3 giant cockroaches
  16 goblins
  4 hobgoblins
  7 bats
  3 frilled lizards
  9 kobolds
  3 rats
63 creatures vanquished.

Notes
Turn   | Place    | Note
-------+----------+-------------------------------------------
     0 | D:1      | eccles the Deep Elf Conjurer began the quest for the Orb.
     0 | D:1      | Reached XP level 1. HP: 10/10 MP: 6/6
    63 | D:1      | Reached XP level 2. HP: 15/15 MP: 0/8
   587 | D:1      | Reached skill level 5 in Conjurations
   674 | D:1      | Learned a level 2 spell: Searing Ray
   722 | D:2      | Noticed Robin
   736 | D:2      | Reached XP level 3. HP: 19/19 MP: 2/10
   989 | D:2      | Killed Robin
  1089 | D:2      | Found an opulent altar of Gozag.
  1438 | D:2      | Found a burning altar of Makhleb.
  1555 | D:2      | Reached skill level 6 in Conjurations
  1555 | D:2      | Reached XP level 4. HP: 21/24 MP: 5/11
  1977 | D:3      | Found a shimmering altar of Xom.
  2431 | D:3      | Reached XP level 5. HP: 28/28 MP: 10/13
  2552 | D:3      | Found a transporter.
  2554 | D:3      | Noticed Bearstalker's ghost (amateur CeFi)
  2555 | D:3      | Noticed an ogre
  2557 | D:3      | Found a transporter.
  2559 | D:3      | Noticed an ogre
  2593 | D:3      | Gained mutation: Your body sometimes deteriorates upon
                  | taking damage. [potion of mutation]
  2593 | D:3      | Gained mutation: You are weak. (Str -2) [potion of
                  | mutation]
  2593 | D:3      | Gained mutation: You have an increased reservoir of magic.
                  | (+10% MP) [potion of mutation]
  2593 | D:3      | Slain by a worker ant

Skill      XL: |  1  2  3  4 |
---------------+-------------+-----
Conjurations   | 5 6 |  6.2
Spellcasting   | 4 |  4.2
Fighting       | |  0.1
Dodging        | |  2.8
Stealth        | |  2.5

Action                   |  1- 3 |  4- 6 || total
-------------------------+-------+-------++-------
Melee: Dagger            |     9 |     4 ||    13
 Cast: Magic Dart        |    66 |    47 ||   113
       Searing Ray       |     5 |       ||     5
  Use: Scroll            |       |     6 ||     6
       Potion            |       |     2 ||     2
  Eat: Chunk             |     2 |     3 ||     5
Armor: Robe              |     4 |     3 ||     7
Dodge: Dodged            |    23 |    18 ||    41
